 Dungeon Crawl Stone Soup version 0.29-a0-925-g0a7a3d12f8 (webtiles) character file.

Game seed: 2245063275188651611

702 Sprocket the Caller (level 7, 0/45 HPs)
             Began as an Octopode Summoner on July 28, 2022.
             Slain by Edmund
             ... wielding a +1 dire flail of protection
              (18 damage)
             ... on level 4 of the Dungeon.
             The game lasted 00:11:04 (5432 turns).

Sprocket the Caller (Octopode Summoner)             Turns: 5432, Time: 00:11:05

Health: 0/45       AC:  1    Str:  8    XL:     7   Next: 66%
Magic:  3/10       EV: 13    Int: 19    God:
Gold:   220        SH:  0    Dex: 12    Spells: 1/10 levels left

rFire   . . .      SeeInvis .   s - +4 dagger
rCold   + . .      Faith    .   (no shield)
rNeg    . . .      Spirit   .   (helmet restricted)
rPois   .          Reflect  .   (no amulet)
rElec   .          Harm     .   o - ring of protection from cold
rCorr   .          Rampage  .   (no ring)
Will    .....                   (no ring)
Stlth   +++.......              (no ring)
HPRegen 0.15/turn               (no ring)
MPRegen 0.12/turn               (no ring)
                                (no ring)
                                (no ring)

@: no status effects
A: almost no armour, amphibious, 8 rings, camouflage 1, gelatinous body 1,
(nimble swimmer 1), tentacles
a: no special abilities


You were on level 4 of the Dungeon.
You visited 1 branch of the dungeon, and saw 4 of its levels.

You collected 220 gold pieces.

Inventory:

Hand Weapons
 a - a +3 whip of flaming
   (You took it off a kobold on level 1 of the Dungeon)
 b - a +0 dagger of venom
   (You took it off a kobold on level 1 of the Dungeon)
 s - a +4 dagger (weapon)
   (You took it off a goblin on level 4 of the Dungeon)
Missiles
 d - 5 curare-tipped darts {!f}
 n - 6 javelins
Jewellery
 o - a ring of protection from cold (left tentacle)
   (You found it on level 3 of the Dungeon)
Wands
 p - a wand of charming (4)
   (You took it off Ijyb on level 3 of the Dungeon)
Scrolls
 g - 2 scrolls of immolation {!r}
 h - a scroll of silence {unknown}
 i - a scroll of acquirement {unknown}
 m - 3 scrolls of identify {unknown}
 q - a scroll of enchant armour {unknown}
Potions
 c - a potion of mutation {unknown}
 e - 2 potions of magic
 f - 2 potions of lignification {unknown}
 j - a potion of invisibility {unknown}
 k - a potion of brilliance {unknown}
 l - a potion of attraction {unknown}
 r - a potion of curing {@q1}


   Skills:
 + Level 2.4 Fighting
 + Level 3.3 Dodging
 - Level 2.6 Stealth
 - Level 2.0 Spellcasting
 + Level 2.4 Hexes
 + Level 7.7 Summonings


You had one spell level left.
You knew the following spells:

 Your Spells              Type           Power      Damage    Failure   Level
a - Summon Small Mammal   Summ           100%       N/A       1%          1
b - Summon Guardian Gole  Hex/Summ       21%        N/A       6%          3
c - Call Canine Familiar  Summ           31%        N/A       1%          3
x - Call Imp              Summ           31%        N/A       1%          2

Your spell library contained the following spells:

 Spells                   Type           Power      Damage    Failure   Level
 Shock                    Conj/Air       4%         1d3       17%         1
 Ensorcelled Hibernation  Hex/Ice        12%        N/A       16%         2
 Passwall                 Tmut/Erth      0%         N/A       26%         2
 Summon Lightning Spire   Summ/Air       16%        N/A       34%         4
 Swiftness                Air            1%         N/A       45%         3
 Airstrike                Air            0%         0-2+      86%         4


Dungeon Overview and Level Annotations

Branches:
Dungeon (4/15) Zot: 18552
 Temple: D:4-7

Altars:

Shops:
D:3 (

Annotations:
D:4 Edmund


Innate Abilities, Weirdness & Mutations

You cannot wear most types of armour.
You are amphibious.
You can wear up to eight rings at the same time.
Your skin changes colour to match your surroundings (Stealth+).
Your rubbery body absorbs attacks. (AC +1, EV +1)
((You are camouflaged when in or above water. (Stealth+)))
You have tentacles for arms and can constrict up to eight enemies at once.


Message History

Your hound barely misses Edmund.
Edmund barely misses your hound.
Your white imp gestures at Edmund.
The puff of frost hits Edmund!
Your hound barely misses Edmund.
Edmund hits your hound with a +1 dire flail of protection!
Your white imp hits Edmund but does no damage.
Your hound bites Edmund but does no damage.
Your hound bites Edmund but does no damage.
Edmund says, "People will remember me!
They'll remember me and die!"
Edmund barely misses your hound.
Your white imp hits Edmund but does no damage.
Your hound barely misses Edmund.
Edmund hits your hound with a +1 dire flail of protection.
Your white imp hits Edmund.
Your white imp freezes Edmund.
Your hound bites Edmund.
Your hound barely misses Edmund.
Edmund barely misses your hound.
Your white imp hits Edmund but does no damage.
Your hound barely misses Edmund.
Edmund hits your hound with a +1 dire flail of protection.
Your white imp gestures at Edmund.
The puff of frost hits Edmund but does no damage.
Your hound bites Edmund but does no damage.
Your hound barely misses Edmund.
Edmund misses your hound.
Your white imp barely misses Edmund.
Your hound bites Edmund.
Edmund hits your hound with a +1 dire flail of protection!
Your hound dies!
Your hound's corpse disappears in a puff of smoke!
Your white imp gestures at Edmund.
The puff of frost hits Edmund.
You don't have enough magic to cast this spell.
Unknown command.
Edmund hits your white imp with a +1 dire flail of protection!
Your white imp gestures at Edmund.
The puff of frost hits Edmund but does no damage.
Your guardian golem overheats!
You hit Edmund. You grab Edmund. You constrict Edmund.
Edmund closely misses you.
Your white imp hits Edmund but does no damage.
You completely miss Edmund.
You tentacle-slap Edmund, but do no damage.
You constrict Edmund, but do no damage.
Edmund hits you with a +1 dire flail of protection!
Your white imp hits Edmund but does no damage.
You hit Edmund but do no damage. You constrict Edmund, but do no damage.
Your guardian golem disappears in a puff of smoke!
Edmund hits you with a +1 dire flail of protection!
* * * LOW HITPOINT WARNING * * *
Your white imp hits Edmund but does no damage.
You hit Edmund but do no damage. You constrict Edmund.
Edmund hits you with a +1 dire flail of protection!!
You die...

#.####....#...#.#
#..†......#..?..#
#...............#
####.....##......####.
#........##.....>....@
#.###....###...#######
######.###....###§..#######
.................@5).......
............#...@)...).....
............#..............
............#..............
............#..............
............#............)#
..........................#
.....)....................#
.............#############
.............#


You could see Edmund (ally target) and a friendly white imp (summoned).

Vanquished Creatures
  A black bear (D:3)
  A hound (D:3)
  Ijyb (D:3)
  Natasha (D:2)
  2 gnolls (D:2)
  4 adders
  A worm (D:3)
  4 dart slugs
  9 bats
  7 endoplasms
  A giant cockroach (D:1)
  9 goblins
  7 hobgoblins
  A jackal (D:3)
  5 kobolds
  4 quokkas
  2 ball pythons
  3 frilled lizards
  7 rats
70 creatures vanquished.

Vanquished Creatures (collateral kills)
  Sigmund (D:2)
  The ghost of Newt the Twirler, a weakling OgGl (D:3)
  Natasha (twice) (D:2)
  2 gnolls
  2 worms
  2 dart slugs
  3 orcs (D:4)
  A bat (D:1)
  An endoplasm (D:1)
  A giant cockroach (D:1)
  A hobgoblin (D:3)
  6 kobolds
  A quokka (D:3)
  3 ball pythons
  A frilled lizard (D:1)
  A goblin (D:3)
  4 rats
33 creatures vanquished.

Vanquished Creatures (others)
  A jelly (D:3)
  Crazy Yiuf (D:2)
  Terence (D:3)
  11 plants (D:1)
14 creatures vanquished.

Grand Total: 117 creatures vanquished

Notes
Turn   | Place    | Note
-------+----------+-------------------------------------------
     0 | D:1      | Sprocket the Octopode Summoner began the quest for the Orb.
     0 | D:1      | Reached XP level 1. HP: 11/11 MP: 3/3
    56 | D:1      | Found a faded altar of an unknown god.
   246 | D:1      | Reached XP level 2. HP: 8/17 MP: 1/5
   518 | D:1      | Learned a level 2 spell: Call Imp
  1081 | D:1      | Reached XP level 3. HP: 21/21 MP: 6/6
  1138 | D:1      | Reached skill level 5 in Summonings
  2105 | D:2      | Reached XP level 4. HP: 24/27 MP: 3/7
  2367 | D:2      | Noticed Sigmund
  2376 | D:2      | Learned a level 3 spell: Call Canine Familiar
  2390 | D:2      | Killed Sigmund
  2391 | D:2      | Reached skill level 7 in Summonings
  2391 | D:2      | Reached XP level 5. HP: 12/31 MP: 4/8
  2391 | D:2      | Reached XP level 6. HP: 14/36 MP: 4/9
  2395 | D:2      | Learned a level 3 spell: Summon Guardian Golem
  2817 | D:2      | Noticed Natasha
  2822 | D:2      | Killed Natasha
  2869 | D:2      | Noticed Natasha
  2877 | D:2      | Killed Natasha
  2960 | D:2      | Noticed Natasha
  2974 | D:2      | Killed Natasha
  2975 | D:2      | Reached skill level 1 in Fighting
  2975 | D:2      | Reached skill level 1 in Hexes
  3026 | D:2      | Found a runed translucent door.
  3027 | D:2      | Noticed Crazy Yiuf
  3448 | D:2      | Killed Crazy Yiuf
  3631 | D:3      | Found a runed translucent gate.
  3632 | D:3      | Found a runed translucent gate.
  3633 | D:3      | Found a runed translucent gate.
  3634 | D:3      | Noticed Newt's ghost (weakling OgGl)
  3683 | D:3      | Killed Newt's ghost
  3684 | D:3      | Reached XP level 7. HP: 39/43 MP: 7/10
  3806 | D:3      | Noticed Terence
  3819 | D:3      | Killed Terence
  4002 | D:3      | Noticed Ijyb
  4133 | D:3      | Killed Ijyb
  4661 | D:3      | Found Locreu's Weapon Shop.
  5407 | D:4      | Noticed Edmund
  5432 | D:4      | Slain by Edmund

Illustrated notes

Levels and vault maps discovered:
D:1:      dpeg_arrival_rooms_c, layout_basic, hellmonk_ecumenical_altar_blasted,
          nicolae_grassy_gnolls
D:2:      layout_basic, uniq_sigmund, uniq_crazy_yiuf_cottage, uniq_natasha
D:3:      minmay_chambers_of_twos, layout_loops_ring, serial_shops,
          nicolae_shop_bloodbath_and_beyond, ebering_ghost_rock_garden,
          uniq_terence, uniq_ijyb
D:4:      layout_basic, mainiacjoe_overflow_alcove_2, uniq_edmund

Skill      XL: |  1  2  3  4  5  6  7 |
---------------+----------------------+-----
Summonings     | 5 7 |  7.7
Fighting       | 1 2 |  2.4
Hexes          | 1 2 |  2.4
Dodging        | 3 |  3.3
Stealth        | |  2.6
Spellcasting   | |  2.0

Action                   |  1- 3 |  4- 6 |  7- 9 || total
-------------------------+-------+-------+-------++-------
Melee: Unarmed           |     3 |       |       ||     3
       Constrict         |    12 |     8 |    12 ||    32
       Whip              |    32 |    46 |    46 ||   124
       Dagger            |     4 |       |     5 ||     9
       Tentacles         |     6 |     8 |    15 ||    29
       Punch             |       |       |     3 ||     3
 Fire: Sling             |     1 |       |       ||     1
 Cast: Summon Small Mamm |    20 |     2 |       ||    22
       Call Imp          |    10 |     2 |     1 ||    13
       Call Canine Famil |       |     8 |     6 ||    14
       Summon Guardian G |       |     3 |     7 ||    10
 Stab: Sleeping          |     5 |     1 |     4 ||    10
       Distracted        |       |     1 |       ||     1
Armor: Skin              |     1 |     4 |     3 ||     8
Dodge: Dodged            |    34 |    31 |    20 ||    85

Table legend: (Time is in decaauts)
 A = Elapsed time spent in this place.
 B = Non-inter-level travel time spent in this place.
 C = Inter-level travel time spent in this place.
 D = Time resting spent in this place.
 E = Time spent auto-exploring this place.
 F = Levels seen in this place.
 G = Mean time per level.
                   A        B        C        D        E       F      G
               +--------+--------+--------+--------+--------+-----+--------+
         Total |   5446 |   5370 |     76 |   1852 |   2511 |   4 | 1361.5 |
       Dungeon |   5446 |   5370 |     76 |   1852 |   2511 |   4 | 1361.5 |
               +--------+--------+--------+--------+--------+-----+--------+

Top non-repeatable levels by time:
     D:1: 2002 daAuts
     D:2: 1665 daAuts
     D:3: 1556 daAuts
     D:4: 221 daAuts
